 Dungeon Crawl Stone Soup version 0.24.0-41-g2ae2f7f1be (webtiles) character file.

Game seed: 9151126825055958572, levelgen mode: deterministic

30226 Devinter the Covert (level 13, -8/117 HPs)
             Began as a Kobold Assassin on Dec 14, 2019.
             Was an Initiate of Gozag.
             Mangled by a fire crab (15 damage)
             ... in a Gauntlet.
             The game lasted 02:09:15 (15002 turns).

Devinter the Covert (Kobold Assassin)              Turns: 15002, Time: 02:09:17

Health: -8/117     AC: 26    Str:  8    XL:     13   Next: 87%
Magic:  19/19      EV:  3    Int: 17    God:    Gozag
Gold:   1391       SH:  0    Dex: 27    Spells: 17/20 levels left

rFire    . . .     SeeInvis .   w - +8 dagger (flame)
rCold    + . .     Gourm    .   (shield restricted)
rNeg     + + +     Faith    .   (armour currently unavailable)
rPois    +         Spirit   .   (helmet currently unavailable)
rElec    .         Reflect  .   (cloak currently unavailable)
rCorr    .         Harm     .   (gloves currently unavailable)
MR       .....     NoTele   +   (boots currently unavailable)
Stlth    +++++++...             (no amulet)
HPRegen  0.29/turn              x - ring of positive energy
MPRegen  0.16/turn              Z - ring of protection from cold

@: brilliant, agile, tree-form, gold aura, hasted, very quick
A: small, carnivore
a: Potion Petition, Call Merchant, Bribe Branch, Renounce Religion


You were in a Gauntlet.
You worshipped Gozag.
Gozag was most pleased with you.
You were not hungry.
You were a tree.
You visited 2 branches of the dungeon, and saw 15 of its levels.
You also visited: Gauntlet.

You collected 4297 gold pieces.
You spent 2106 gold pieces at shops.
You paid 800 gold pieces to Gozag.

Inventory:

Hand Weapons
 o - a +0 triple crossbow
 w - a +8 dagger of flaming (weapon)
 M - the +3 long sword of a Million Deaths {flame, rC+ rN++ Dex-4}
   (You found it on level 2 of the Lair of Beasts)

   It has been specially enchanted to burn those struck by it, causing extra
   injury to most foes and up to half again as much damage against particularly
   susceptible opponents.
   Big, fiery blades are also staple armaments of hydra-hunters.
   It affects your dexterity (-4).
   It protects you from cold.
   It greatly protects you from negative energy.
Missiles
 b - 141 arrows
 e - 2 boomerangs of dispersal
 j - 5 boomerangs (quivered)
 l - 53 bolts
 N - 10 poisoned darts
Armour
 a - a +0 pair of gloves (melded)
 c - the +1 helmet "Fumeuh" (melded) {*Drain rF++}
   (You bought it in a shop on level 10 of the Dungeon)

   It greatly protects you from fire.
   It causes draining when unequipped.
 s - the +1 robe "Iduastrai" {-Cast rCorr Int+6}
   (You bought it in a shop on level 10 of the Dungeon)

   It affects your intelligence (+6).
   It prevents spellcasting.
   It provides partial protection from all sources of acid and corrosion.
 B - the +2 robe of Disguise (melded) {*Contam Dex+4 Stlth+}
   (You bought it in a shop on level 4 of the Dungeon)

   It affects your dexterity (+4).
   It causes magical contamination when unequipped.
   It makes you more stealthy.
 D - a +0 buckler
 E - a +0 pair of boots (melded)
 H - a scarf of repulsion (melded) {RMsl}
 T - a +1 hat of see invisible
Jewellery
 x - a ring of positive energy (left branch)
 K - an uncursed ring of magical power
 W - an uncursed ring of see invisible
 Z - a ring of protection from cold (right branch)
Wands
 q - a wand of polymorph (7)
 L - a wand of acid (19)
 P - a wand of flame (12)
 R - a wand of disintegration (9)
 U - a wand of iceblast (3)
Scrolls
 d - a scroll of magic mapping
 h - 4 scrolls of remove curse
 i - 3 scrolls of fear
 p - a scroll of vulnerability {unknown}
 u - 2 scrolls of identify
 A - 2 scrolls of blinking
 F - a scroll of amnesia
 G - a scroll of torment {unknown}
 J - 10 scrolls of teleportation
 V - 2 scrolls of fog
 X - a scroll of acquirement {unknown}
 Y - a scroll of noise {unknown}
Potions
 g - 5 potions of might
 k - 3 potions of haste
 m - 2 potions of agility
 n - 6 potions of curing
 r - 2 potions of brilliance
 t - a potion of cancellation {unknown}
 v - 2 potions of heal wounds
 z - 4 potions of flight
 C - a potion of degeneration {unknown}
 I - 2 potions of lignification
 S - a potion of ambrosia {unknown}
Miscellaneous
 Q - a lightning rod (inert)
Comestibles
 f - 17 rations


   Skills:
 - Level 8.0 Fighting
 - Level 10.0 Short Blades
 + Level 12.8 Crossbows
 - Level 11.0 Throwing
 - Level 8.0 Dodging
 - Level 13.0 Stealth
 - Level 4.0 Spellcasting
 - Level 4.0 Transmutations
 - Level 8.1 Evocations


You had 17 spell levels left.
You knew the following spells:

 Your Spells              Type           Power        Failure   Level  Hunger
a - Beastly Appendage     Tmut           ####..       1%          1    None
b - Sticks to Snakes      Tmut           ####....     1%          2    ##.....

Your spell library contained the following spells:

 Spells                   Type           Power        Failure   Level  Hunger
 Spider Form              Tmut/Pois      ###.......   2%          3    ###....
 Poisonous Vapours        Pois/Air       ##....       3%          2    ##.....
 Conjure Flame            Conj/Fire      ##......     5%          3    ###....
 Mephitic Cloud           Conj/Pois/Air  ##......     5%          3    ###....
 Ice Form                 Ice/Tmut       ###.....     8%          4    ####...
 Blade Hands              Tmut           ####......   10%         5    ######.
 Freezing Cloud           Conj/Ice/Air   ##........   86%         6    #######
 Ring of Flames           Chrm/Fire      ##........   100%        7    #######


Dungeon Overview and Level Annotations

Branches:
Dungeon (11/15)            Temple (0/1) D:6            Lair (4/6) D:10
Gauntlet (1/1)
  Swamp: Lair:2-4    Shoals: Lair:2-4     Snake: Lair:2-4    Spider: Lair:2-4
    Orc: D:9-12

Altars:
Dithmenos
Gozag
Kikubaaqudgha
Nemelex Xobeh
Okawaru
Qazlal
Vehumet
Zin
Beogh

Shops:
D:4 [   D:7 }   D:10 [

Portals:
Trove: D:10 (give lightning scales)

Annotations:
Gauntlet 8 transporters, 2 runed translucent doors, exclusion: orange crystal statue


Innate Abilities, Weirdness & Mutations

You are small and have problems with some larger weapons.
You are carnivorous and can eat meat at any time.


Message History

The fire bat is almost dead.
You are engulfed in blazing flames.
* * * LOW HITPOINT WARNING * * *
The fire bat bites you but does no damage.
Unknown command.
You barely miss the fire bat.
The fire bat is almost dead.
You are engulfed in blazing flames.
* * * LOW HITPOINT WARNING * * *
The shadow becomes distracted by the nearby gold, dreaming of imaginary riches.
The fire bat bites you but does no damage.
You barely miss the fire bat.
The fire bat is almost dead.
You are engulfed in blazing flames.
* * * LOW HITPOINT WARNING * * *
The fire crab bites you.
* * * LOW HITPOINT WARNING * * *
You are engulfed in flames!
You die...
Your body crumbles into a pile of gold.

≈≈#≈≈≈#≈≈≈#≈≈≈#..♣......P♣..#≈≈≈#
≈....................∩...PP......
#..♣P.P♣..P♣..P♣P.........P♣..P♣.
≈................................
≈.#########.#########.#########.#
≈.#.##©##[#.##}?©.=##.####©####.#
#.#?.#..#$#.#.###$.##.###?[.###.#
≈.###.##.##.#.#b$##.#.#W"+##.W#.#
≈.#4#.©#..#.##○#♣$#.#.#..#©#..#.#
≈.##.##.###.##.t##.##.#..##+.W#.#
#.##..#.2##.#.##.#.##.###...###.#
≈.#.##.##4#.##..#.#.#.## ##.#
≈.###################.## ####
≈....#©....©....©#...... ..©.
#.P♣.#############...♣.. ####
≈.P....#...©...#.....P.P $.$©#
≈..P.♣.#...8...#..P#≈#≈#P..##..##


You could see a fire crab, a hellwing, a shadow (unaware) and a fire bat.

Vanquished Creatures
  Gastronok (Lair:2)
  A fire dragon (D:11)
  Snorg (D:10)
  2 hydras (Lair:3)
  2 two-headed ogres (D:11)
  Urug (Lair:4)
  The ghost of Yneuv the Destroyer, a novice OpCK of Xom (D:10)
  A flayed ghost (D:11)
  A centaur zombie (D:11)
  A manticore (D:11)
  3 elephants (Lair:3)
  Joseph (D:7)
  A black mamba (Lair:1)
  A gargoyle (D:11)
  2 spiny frogs
  A centaur skeleton (D:11)
  4 komodo dragons
  A troll (D:11)
  A queen bee (Lair:3)
  2 hornets (D:9)
  5 blink frogs (Lair:3)
  5 hippogriffs
  Sigmund (D:2)
  A redback (D:11)
  4 wraiths
  A wyvern (D:10)
  28 yaks
  4 basilisks (Lair:3)
  5 fire bats (Gauntlet)
  A hungry ghost (D:8)
  A vampire mosquito (D:11)
  2 wargs (D:10)
  2 soldier ants (D:9)
  2 swamp worms (Gauntlet)
  3 water moccasins
  A hell hound (Gauntlet)
  3 porcupines
  2 black bears
  A necrophage (D:8)
  11 orc warriors
  5 ice beasts
  3 ogres
  6 wolves
  A centaur (D:8)
  6 crocodiles
  A big kobold (D:7)
  7 bullfrogs
  2 scorpions
  26 killer bees
  4 wights (D:9)
  5 crimson imps
  A bullfrog zombie (D:5)
  A quasit (D:6)
  15 orc priests
  A gnoll shaman (D:7)
  3 hounds
  A jelly (D:8)
  12 orc wizards
  A bullfrog skeleton (D:5)
  4 iguanas
  Natasha (thrice) (D:3)
  13 worker ants
  A hound zombie (D:5)
  A hound skeleton (D:9)
  A howler monkey zombie (D:9)
  2 worker ant zombies
  Robin (D:3)
  10 gnolls
  2 adders
  2 howler monkey skeletons
  A shadow imp (D:10)
  5 white imps (D:10)
  2 worker ant simulacra (D:10)
  An ooze (D:1)
  2 adder skeletons
  3 worms
  2 dart slugs
  5 leopard geckos
  74 orcs
  6 bats
  10 giant cockroaches
  26 goblins
  22 hobgoblins
  4 jackals (D:3)
  A quokka (D:3)
  3 frilled lizards
  18 kobolds
  A leopard gecko zombie (D:7)
  5 rats
444 creatures vanquished.

Vanquished Creatures (collateral kills)
  A death ooze (Gauntlet)
1 creature vanquished.

Grand Total: 445 creatures vanquished

Notes
Turn   | Place    | Note
-------+----------+-------------------------------------------
     0 | D:1      | Devinter the Kobold Assassin began the quest for the Orb.
     0 | D:1      | Reached XP level 1. HP: 12/12 MP: 1/1
    71 | D:1      | Reached skill level 3 in Short Blades
   140 | D:1      | Reached XP level 2. HP: 17/17 MP: 2/2
   440 | D:1      | Reached XP level 3. HP: 22/22 MP: 3/3
   592 | D:2      | Found an opulent altar of Gozag.
   618 | D:2      | Reached skill level 2 in Dodging
   656 | D:2      | Became a worshipper of Gozag Ym Sagoz the Greedy
   667 | D:2      | Noticed Sigmund
   671 | D:2      | Killed Sigmund
   671 | D:2      | Reached skill level 3 in Fighting
   671 | D:2      | Reached skill level 4 in Short Blades
   671 | D:2      | Reached skill level 3 in Throwing
   671 | D:2      | Reached skill level 6 in Stealth
   671 | D:2      | Reached XP level 4. HP: 28/28 MP: 4/4
   671 | D:2      | Reached XP level 5. HP: 32/32 MP: 5/5
   671 | D:2      | Reached XP level 6. HP: 37/37 MP: 6/6
   693 | D:2      | Found a faded altar of an unknown god.
   705 | D:2      | Reached skill level 3 in Dodging
   812 | D:2      | Reached skill level 5 in Short Blades
  1778 | D:3      | Found a glowing silver altar of Zin.
  1835 | D:3      | Noticed Robin
  1900 | D:3      | Killed Robin
  1960 | D:3      | Reached XP level 7. HP: 19/42 MP: 7/7
  2125 | D:3      | Noticed Natasha
  2133 | D:3      | Killed Natasha
  2133 | D:3      | Reached skill level 4 in Fighting
  2133 | D:3      | Reached skill level 4 in Throwing
  2133 | D:3      | Reached skill level 7 in Stealth
  2194 | D:3      | Noticed Natasha
  2212 | D:3      | Killed Natasha
  2619 | D:3      | Noticed Natasha
  2626 | D:3      | Killed Natasha
  2812 | D:4      | Found Ateoqe's Antique Armour Shop.
  2815 | D:4      | Bought a wizard robe for 102 gold pieces
  2815 | D:4      | Bought a fine leather armour for 126 gold pieces
  2815 | D:4      | Bought an ichor-stained chain mail for 171 gold pieces
  2829 | D:4      | Identified the +2 robe of Disguise {*Contam Dex+4 Stlth+}
                  | (You bought it in a shop on level 4 of the Dungeon)
  3259 | D:4      | Identified the cursed +0 leather armour of Alaaz {Regen+}
                  | (You bought it in a shop on level 4 of the Dungeon)
  3298 | D:4      | Reached skill level 6 in Short Blades
  3435 | D:4      | Reached skill level 4 in Dodging
  3435 | D:4      | Reached XP level 8. HP: 48/48 MP: 8/8
  3502 | D:4      | Reached skill level 8 in Stealth
  3561 | D:4      | Reached skill level 7 in Short Blades
  3704 | D:5      | Entered Level 5 of the Dungeon
  3875 | D:5      | Reached skill level 8 in Short Blades
  4020 | D:5      | Identified the +4 chain mail of Leaves {Str+4 Int+6} (You
                  | bought it in a shop on level 4 of the Dungeon)
  4246 | D:5      | Reached skill level 9 in Short Blades
  4539 | D:6      | Found a radiant altar of Vehumet.
  4597 | D:6      | Reached skill level 10 in Short Blades
  4619 | D:6      | Found a staircase to the Ecumenical Temple.
  4750 | D:6      | Found a shadowy altar of Dithmenos.
  4751 | D:6      | Found a stormy altar of Qazlal.
  4751 | D:6      | Found a sparkling altar of Nemelex Xobeh.
  4752 | D:6      | Found an iron altar of Okawaru.
  4770 | D:6      | Reached XP level 9. HP: 41/52 MP: 9/9
  4776 | D:6      | Reached skill level 1 in Evocations
  4832 | D:6      | Reached skill level 5 in Throwing
  4832 | D:6      | Reached skill level 5 in Dodging
  5073 | D:6      | Reached skill level 2 in Evocations
  5350 | D:7      | Noticed Joseph
  5400 | D:7      | Reached skill level 6 in Dodging
  5407 | D:7      | Reached skill level 3 in Evocations
  5418 | D:7      | Reached skill level 6 in Throwing
  5641 | D:7      | Found Axygher's Gadget Emporium.
  5646 | D:7      | Bought a wand of digging (2) for 156 gold pieces
  5646 | D:7      | Bought a wand of acid (9) for 338 gold pieces
  5646 | D:7      | Bought a wand of flame (9) for 71 gold pieces
  5646 | D:7      | Bought a lightning rod (4/4) for 520 gold pieces
  5799 | D:7      | Killed Joseph
  5799 | D:7      | Reached skill level 7 in Dodging
  5799 | D:7      | Reached XP level 10. HP: 56/56 MP: 12/12
  5972 | D:8      | Reached skill level 7 in Throwing
  5972 | D:8      | Reached skill level 4 in Evocations
  6338 | D:8      | Reached skill level 8 in Dodging
  6506 | D:9      | Reached skill level 9 in Stealth
  6534 | D:9      | Learned a level 1 spell: Beastly Appendage
  6728 | D:9      | Reached skill level 8 in Throwing
  6753 | D:9      | Reached skill level 5 in Fighting
  6753 | D:9      | Reached skill level 1 in Spellcasting
  6753 | D:9      | Reached skill level 1 in Transmutations
  7116 | D:9      | Reached skill level 2 in Spellcasting
  7116 | D:9      | Reached skill level 2 in Transmutations
  7329 | D:9      | Reached skill level 10 in Stealth
  7351 | D:9      | Reached skill level 6 in Fighting
  7351 | D:9      | Reached skill level 3 in Spellcasting
  7351 | D:9      | Reached skill level 3 in Transmutations
  7351 | D:9      | Reached XP level 11. HP: 56/64 MP: 15/15
  7365 | D:9      | Learned a level 2 spell: Sticks to Snakes
  7588 | D:10     | Entered Level 10 of the Dungeon
  7588 | D:10     | Noticed Snorg
  7592 | D:10     | Killed Snorg
  7642 | D:10     | Reached skill level 4 in Spellcasting
  7642 | D:10     | Reached skill level 4 in Transmutations
  7655 | D:10     | Found a staircase to the Lair.
  7717 | D:10     | Found a portal to a secret trove of treasure.
  8005 | D:10     | Found a runed translucent gate.
  8005 | D:10     | Found a runed translucent gate.
  8005 | D:10     | Found a runed translucent gate.
  8038 | D:10     | Reached skill level 11 in Stealth
  8040 | D:10     | Noticed Yneuv's ghost (novice OpCK)
  8062 | D:10     | Reached skill level 7 in Fighting
  8069 | D:10     | Killed Yneuv's ghost
  8289 | D:10     | Found a roughly hewn altar of Beogh.
  8300 | D:10     | Reached skill level 5 in Evocations
  8944 | D:11     | Noticed a two-headed ogre
  8951 | D:11     | Killed a two-headed ogre
  9392 | D:11     | Found a large runed translucent door.
  9392 | D:11     | Noticed a manticore
  9393 | D:11     | Found a large runed translucent door.
  9402 | D:11     | Reached skill level 9 in Throwing
  9409 | D:11     | Reached skill level 6 in Evocations
  9417 | D:11     | Killed a manticore
  9417 | D:11     | Reached skill level 8 in Fighting
  9417 | D:11     | Reached XP level 12. HP: 21/73 MP: 18/18
  9664 | D:11     | Found an ancient bone altar of Kikubaaqudgha.
  9664 | D:11     | Noticed a flayed ghost
  9668 | D:11     | Killed a flayed ghost
  9668 | D:11     | Reached skill level 12 in Stealth
  9677 | D:11     | Found a shadowy altar of Dithmenos.
  9677 | D:11     | Noticed a fire dragon
  9681 | D:11     | Killed a fire dragon
  9681 | D:11     | Reached skill level 7 in Evocations
 10018 | D:11     | Noticed a two-headed ogre
 10023 | D:11     | Killed a two-headed ogre
 10023 | D:11     | Reached skill level 10 in Throwing
 10023 | D:11     | Reached skill level 8 in Evocations
 10261 | D:10     | Bought a thick robe for 233 gold pieces
 10261 | D:10     | Bought a polished helmet for 389 gold pieces
 10282 | D:10     | Identified the +1 helmet "Fumeuh" {*Drain rF++} (You bought
                  | it in a shop on level 10 of the Dungeon)
 10306 | Lair:1   | Entered Level 1 of the Lair of Beasts
 10682 | Lair:1   | Identified the +1 robe "Iduastrai" {-Cast rCorr Int+6} (You
                  | bought it in a shop on level 10 of the Dungeon)
 11076 | Lair:1   | Reached skill level 13 in Stealth
 11568 | Lair:2   | Reached skill level 11 in Throwing
 11845 | Lair:2   | Got an ichor-stained long sword
 12007 | Lair:2   | Noticed Gastronok
 12011 | Lair:2   | Killed Gastronok
 12011 | Lair:2   | Reached skill level 4 in Crossbows
 12109 | Lair:2   | Reached skill level 5 in Crossbows
 12140 | Lair:2   | Identified the +3 long sword of a Million Deaths {flame,
                  | rC+ rN++ Dex-4} (You found it on level 2 of the Lair of
                  | Beasts)
 12182 | Lair:3   | Reached XP level 13. HP: 78/78 MP: 19/19
 12309 | Lair:3   | Reached skill level 6 in Crossbows
 12446 | Lair:3   | Reached skill level 7 in Crossbows
 12744 | Lair:3   | Noticed an eight-headed hydra
 12751 | Lair:3   | Killed an eight-headed hydra
 12755 | Lair:3   | Noticed a seven-headed hydra
 12780 | Lair:3   | Reached skill level 8 in Crossbows
 12854 | Lair:3   | Reached skill level 9 in Crossbows
 12893 | Lair:3   | Killed a seven-headed hydra
 13238 | Lair:3   | Reached skill level 10 in Crossbows
 13624 | Lair:3   | Reached skill level 11 in Crossbows
 14215 | Lair:4   | Found a gate leading to a gauntlet.
 14215 | Lair:4   | Noticed Urug
 14220 | Lair:4   | Killed Urug
 14220 | Lair:4   | Reached skill level 12 in Crossbows
 14284 | Gauntlet | Entered a Gauntlet
 14284 | Gauntlet | Found a transporter.
 14287 | Gauntlet | Found a transporter.
 14289 | Gauntlet | Found a transporter.
 14297 | Gauntlet | Found a transporter.
 14297 | Gauntlet | Noticed a death ooze
 14299 | Gauntlet | Found a transporter.
 14301 | Gauntlet | Noticed a reaper
 14309 | Gauntlet | Found a transporter.
 14326 | Gauntlet | Found a transporter.
 14335 | Gauntlet | Found a runed translucent door.
 14336 | Gauntlet | Found a transporter.
 14338 | Gauntlet | Found a runed translucent door.
 14346 | Gauntlet | Found a transporter.
 14364 | Gauntlet | Found a transporter.
 14369 | Gauntlet | Found a transporter.
 14372 | Gauntlet | Found a transporter.
 14454 | Gauntlet | Found a transporter.
 14458 | Gauntlet | HP: 2/77 [death ooze (19)]
 14459 | Gauntlet | Killed a death ooze
 15002 | Gauntlet | HP: 9/117 [fire crab] (5)]
 15002 | Gauntlet | Mangled by a fire crab

Levels and vault maps discovered:
D:1:      wander_arrival_desolate, layout_loops_cross, grunt_decor_one_mirror
D:2:      layout_loops_ring, grunt_gozag_statues,
          chequers_ecumenical_altar_simple_redux, uniq_sigmund
D:3:      layout_basic, nicolae_overflow_crystal_walls, serial_curves,
          eino_curves_03, eino_curves_01, st_stairs_11, minmay_misc_feat_chi,
          uniq_robin, uniq_natasha
D:4:      minmay_opposing_rooms, layout_basic, serial_shops,
          kennysheep_mini_moat, minivault_24
D:5:      corexii_shantytown, layout_layer_cave, first_ration
D:6:      layout_cave_pools, chequers_temple_overflow_statue_of_worship,
          minmay_temple_entry_crystal_x, basic_altar
D:7:      layout_gridville, serial_shops, kennysheep_little_box, uniq_joseph
D:8:      layout_gridville
D:9:      layout_roguey, hangedman_pestilent_swarm, st_stairs_2
D:10:     layout_roguey [special_room_orc], erik_lair_orcish_takeover,
          nicolae_trove_entry_crossroad, gammafunk_ghost_icy, uniq_snorg
D:11:     layout_cave_pods, jmf_multi_god_temple2
Lair:1:   layout_loops_ring, chequers_serial_rivers_marsh
Lair:2:   layout_cave_pods, chequers_serial_rivers_micro_b, uniq_gastronok
Lair:3:   regret_index_combs_of_tragedy, layout_big_grid
Lair:4:   layout_hall_layers, skrybe_swamp_entry_bodies,
          nicolae_spider_entry_tight_spaces, gauntlet_entry_generic,
          ldierk_geyser, uniq_josephine, uniq_urug
Gauntlet: minmay_gauntlet_77_tree [minmay_gauntlet_arena_77_double_cross,
          minmay_gauntlet_arena_77_terracotta_army,
          minmay_gauntlet_arena_77_fan, minmay_gauntlet_arena_77_tiled_triplets,
          minmay_gauntlet_arena_77_mess, minmay_gauntlet_arena_77_cramped,
          minmay_gauntlet_arena_77_p_blocks,
          nicolae_gauntlet_exit_dead_adventurers]

Skill      XL: |  1  2  3  4  5  6  7  8  9 10 11 12 13 |
---------------+----------------------------------------+-----
Short Blades   | 3 4 5 6 10 | 10.0
Dodging        | 2 3 4 7 8 |  8.0
Fighting       | 3 4 6 8 |  8.0
Throwing       | 3 4 6 8 9 11 | 11.0
Stealth        | 6 7 8 10 11 13 | 13.0
Evocations     | 3 4 6 8 |  8.1
Spellcasting   | 3 4 |  4.0
Transmutations | 3 4 |  4.0
Crossbows      | 5 12 | 12.8

Action                   |  1- 3 |  4- 6 |  7- 9 | 10-12 | 13-15 || total
-------------------------+-------+-------+-------+-------+-------++-------
Melee: Dagger            |    53 |   180 |   330 |   567 |   311 ||  1441
 Fire: Triple crossbow   |       |       |       |       |     5 ||     5
Throw: Dart              |     1 |    17 |    46 |       |    46 ||   110
       Boomerang         |       |     8 |     6 |    30 |    67 ||   111
Invok: Potion Petition   |       |       |       |     1 |     1 ||     2
       Call Merchant     |       |       |       |     1 |       ||     1
Evoke: Wand              |       |       |     2 |    12 |    19 ||    33
       Lightning rod     |       |       |       |     8 |     7 ||    15
       Phantom mirror    |       |       |       |       |     1 ||     1
  Use: Scroll            |       |       |    11 |     7 |     3 ||    21
       Potion            |       |       |       |     2 |    10 ||    12
 Stab: Sleeping          |    10 |    10 |    35 |    42 |     5 ||   102
       Distracted        |       |     1 |     6 |    10 |     5 ||    22
  Eat: Chunk             |     8 |       |       |       |       ||     8
       Ration            |       |       |     4 |    10 |     5 ||    19
Armor: Robe              |     6 |    13 |    33 |    39 |    23 ||   114
       Skin              |       |       |       |       |    53 ||    53
Dodge: Dodged            |    29 |    90 |   141 |   309 |   197 ||   766
       Deflected         |       |       |       |     5 |       ||     5
